 Dungeon Crawl Stone Soup version 0.23.0-3-gf3c87f2 (webtiles) character file.

Game seed: 16972661427036577828

49241 xccam the Grappler (level 14, -4/129 HPs)
             Began as a Troll Monk on Feb 23, 2019.
             Was the Champion of Ru.
             Slain by an orc warlord
             ... wielding a cursed -2 bardiche
              (50 damage)
             ... on level 2 of the Orcish Mines.
             The game lasted 00:44:41 (16566 turns).

xccam the Grappler (Troll Monk)                    Turns: 16566, Time: 00:44:42

Health: -4/129     AC: 12    Str: 25    XL:     14   Next: 15%
Magic:  6/14       EV: 15    Int:  6    God:    Ru [******]
Gold:   1664       SH:  3    Dex: 15    Spells: 13/13 levels left

rFire    . . .     SeeInvis .     - Unarmed
rCold    . . .     Gourm    +   (no shield)
rNeg     . . .     Faith    .   J - +0 steam dragon scales
rPois    +         Spirit   .   (helmet restricted)
rElec    .         Reflect  +   S - +1 cloak {+Inv}
rCorr    .         Harm     .   (gloves unavailable)
MR       +....                  (boots unavailable)
Stlth    ..........             P - +3 amulet of reflection
HPRegen  0.71/turn              x - +2 ring of dexterity
MPRegen  0.14/turn              n - ring of poison resistance

@: exhausted, heavily drained
A: large, unfitting armour, claws 3, fast metabolism 3, frail 1, gourmand,
regeneration 1, shaggy fur 1, tough skin 3, no stealth, hated by all, no earth
magic, no necromancy magic, no translocations magic, inexperienced 1
a: Draw Out Power, Power Leap, Apocalypse, Renounce Religion, Evoke Invisibility


You were on level 2 of the Orcish Mines.
You worshipped Ru.
Ru was exalted by your worship.
You were not hungry.

You visited 4 branches of the dungeon, and saw 20 of its levels.

You collected 2274 gold pieces.
You spent 610 gold pieces at shops.

Inventory:

Hand Weapons
 b - a +4 giant spiked club
 O - a +4 scimitar of flaming
Missiles
 z - 7 large rocks (quivered)
Armour
 g - a scarf of cloud immunity
 J - +0 steam dragon scales (worn)
 S - a +1 cloak of invisibility (worn)
Jewellery
 a - an uncursed ring of ice
 e - an uncursed ring of ice
 l - an uncursed ring of flight
 m - an uncursed ring of protection from magic
 n - a ring of poison resistance (right claw)
 x - a +2 ring of dexterity (left claw)
 P - a +3 amulet of reflection (around neck)
 U - an uncursed ring of see invisible
Wands
 j - a wand of random effects (13)
 o - a wand of polymorph (23)
 u - a wand of acid (2)
 y - a wand of disintegration (18)
 A - a wand of flame (48)
 K - a wand of scattershot (3)
 M - a wand of clouds (7)
Scrolls
 c - 3 scrolls of amnesia
 f - 8 scrolls of teleportation
 q - 2 scrolls of magic mapping
 r - 3 scrolls of remove curse
 w - a scroll of vulnerability
 D - a scroll of fear {unknown}
 E - 2 scrolls of immolation {unknown}
 F - a scroll of fog
 G - a scroll of enchant armour
 H - a scroll of silence {unknown}
Potions
 d - 2 potions of invisibility
 h - a potion of mutation {unknown}
 k - 3 potions of might
 p - a potion of haste
 s - 2 potions of curing
 t - a potion of ambrosia
 v - 2 potions of lignification
 C - a potion of resistance
 I - 2 potions of brilliance
 L - 2 potions of heal wounds {unknown}
 N - a potion of experience {unknown}
 T - 2 potions of agility
Comestibles
 B - 32 rations


   Skills:
 + Level 10.6(8.8) Fighting
 - Level 7.0(5.3) Maces & Flails
 - Level 5.0(3.4) Throwing
 + Level 8.2(6.5) Armour
 + Level 10.6(8.8) Dodging
 + Level 13.4(11.4) Unarmed Combat
 + Level 2.1(0.6) Evocations


You had 13 spell levels left.
You didn't know any spells.
Your spell library contained the following spells:

 Spells                   Type           Power        Failure   Level  Hunger
 Infusion                 Chrm           #...         45%         1    ##.....
 Song of Slaying          Chrm           #.......     58%         2    ###....
 Spectral Weapon          Hex/Chrm       #.......     83%         3    ####...
 Ice Form                 Ice/Tmut       #.......     99%         4    #####..
 Iskenderun's Battlesphe  Conj/Chrm      #.......     100%        5    ######.
 Metabolic Englaciation   Hex/Ice        #.........   100%        5    ######.
 Venom Bolt               Conj/Pois      #.........   100%        5    ######.
 Bolt of Cold             Conj/Ice       #.........   100%        6    #######
 Freezing Cloud           Conj/Ice/Air   #.........   100%        6    #######
 Ozocubu's Refrigeration  Ice            #.........   100%        6    #######
 Orb of Destruction       Conj           #.........   100%        7    #######
 Shroud of Golubria       Chrm/Tloc      Unusable     N/A         2    N/A
 Regeneration             Chrm/Necr      Unusable     N/A         3    N/A
 Bolt of Magma            Conj/Fire/Erth Unusable     N/A         5    N/A
 Iron Shot                Conj/Erth      Unusable     N/A         6    N/A
 Simulacrum               Ice/Necr       Unusable     N/A         6    N/A
 Spellforged Servitor     Conj/Summ      Unusable     N/A         7    N/A

Dungeon Overview and Level Annotations

Branches:
Dungeon (12/15)            Temple (1/1) D:5            Lair (5/6) D:9
  Swamp (0/4) Lair:4        Snake (0/4) Lair:3        Slime (0/5) Lair:5
    Orc (2/2) D:12            Elf (0/3) Orc:2

Altars:
Ashenzari
Cheibriados
Dithmenos
Elyvilon
Fedhas
Gozag
Hepliaklqana
Kikubaaqudgha
Makhleb
Nemelex Xobeh
Okawaru
Qazlal
Ru
Sif Muna
Trog
Uskayaw
Vehumet
Wu Jian
Xom
Yredelemnul
Zin
The Shining One
Beogh

Shops:
D:4 (   D:6 [   D:11 [   D:12 =   Orc:1 *   Orc:2 [

Annotations:
D:10 2 transporters


Innate Abilities, Weirdness & Mutations

You are too large for most types of armour.
You have claws for hands.
Your metabolism is lightning-fast.
You are frail. (-10% HP)
You like to eat raw meat.
Your natural rate of healing is unusually fast.
You are covered in fur. (AC +1)
You have extremely tough skin. (AC +3)
You cannot be stealthy.
You are hated by all.
You cannot study or cast Earth magic.
You cannot study or cast Necromancy magic.
You cannot study or cast Translocations magic.
You are somewhat inexperienced. (-2 XL)


Message History

The warg bites you but does no damage.
Unknown command.
You scratch the warg.
The warg is almost dead.
The warg bites you but does no damage.
The orc priest mumbles some strange prayers to Beogh against you.
Beogh smites you!
The orc warlord hits you from afar with a cursed -2 bardiche!!
Unknown command.
You mangle the warg!!
You kill the warg!
Unknown command.
The orc warlord hits you with a cursed -2 bardiche!!
The orc priest looks encouraged for a moment.
You reveal the great annihilating truth to your foes!
You kill the orc priest!
You feel drained.
You hear a shout! x6
The orc warlord hits you with a cursed -2 bardiche!!!
You die...

............##
.......#...#.##
.......#......#
..............# ##
(.........##..###.##
...[....#.#........##
..[[.....)..........#
[[#.....#..####).#.###
#.#)....#.##.∩#)@†#..##
###8[..8###...#.o.....## .
#[[...##...##...#....#
..#.....#...##..)......#
...†).)....# #....#.....#
#.).).).).#####...........
.....).).....8..#.........
.).....).).............#.#
....)_.......o..........#.


You could see an orc warlord.

Vanquished Creatures
  The ghost of Hiywul the Fighter, a journeyman MiHu of Trog (Lair:4)
  The ghost of Irenicus the Cleaver, a journeyman DDMo of Makhleb (D:12)
  A minotaur (D:12)
  A great orb of eyes (D:12)
  Fannar (Orc:1)
  4 hydras
  A catoblepas (Lair:3)
  4 orc high priests
  5 orc knights (Orc:2)
  5 orc sorcerers (Orc:2)
  An ugly thing (D:12)
  A cyclops (D:11)
  12 elephants
  4 centaur zombies (D:12)
  Joseph (D:8)
  Maurice (Orc:1)
  3 black mambas
  11 spiny frogs
  An efreet (D:12)
  4 komodo dragons
  14 rime drakes
  A kobold demonologist (D:12)
  5 trolls
  6 polar bears
  2 hornets
  2 slime creatures (Lair:5)
  3 hippogriffs
  A wyvern (D:9)
  24 yaks
  3 basilisks (Lair:2)
  5 humans (D:8)
  2 wraiths (D:10)
  5 vampire mosquitoes (Lair:4)
  Grum (D:8)
  10 steam dragons (Lair:3)
  10 wargs
  2 nagas (Lair:3)
  A soldier ant (D:12)
  5 porcupines
  36 orc warriors
  11 water moccasins
  7 sky beasts
  10 black bears
  An eye of draining (D:10)
  7 ice beasts
  15 ogres
  3 phantoms
  2 necrophages (D:12)
  13 wolves
  4 centaurs
  7 crocodiles
  2 big kobolds
  16 bullfrogs
  A wyvern skeleton (D:7)
  A scorpion (D:5)
  A water moccasin skeleton (D:4)
  10 killer bees
  12 wights
  3 electric eels
  A howler monkey (D:7)
  5 bullfrog zombies
  5 crimson imps
  A quasit (D:9)
  7 hounds
  2 jellies (Lair:5)
  19 orc priests
  22 orc wizards
  Ijyb (D:4)
  3 bullfrog skeletons
  9 iguanas
  8 worker ants
  A killer bee zombie (D:6)
  A hound zombie (D:6)
  3 hound skeletons
  A howler monkey skeleton (D:9)
  13 adders
  A shadow imp (D:5)
  An adder skeleton (D:4)
  3 worms
  2 dart slugs
  14 leopard geckos
  65 orcs
  2 giant cockroaches (D:4)
  5 goblins
  11 hobgoblins
  10 jackals
  7 quokkas
  3 ball pythons
  9 bats
  8 frilled lizards
  19 kobolds
  6 rats
  A plant (Lair:2)
596 creatures vanquished.

Vanquished Creatures (others)
  Erica (Orc:1)
  2 rime drakes (Lair:3)
  A vampire mosquito (Lair:4)
  A wolf (Lair:3)
  An orc wizard (Orc:2)
  An adder (D:12)
  4 orcs
  6 fungi
  A plant (Lair:4)
18 creatures vanquished.

Grand Total: 614 creatures vanquished

Notes
Turn   | Place    | Note
-------+----------+-------------------------------------------
     0 | D:1      | xccam the Troll Monk began the quest for the Orb.
     0 | D:1      | Reached XP level 1. HP: 22/22 MP: 0/0
   129 | D:1      | Reached XP level 2. HP: 29/29 MP: 1/1
   465 | D:1      | Reached skill level 4 in Unarmed Combat
   557 | D:2      | Reached XP level 3. HP: 27/36 MP: 2/2
   718 | D:2      | Found a shadowy altar of Dithmenos.
   826 | D:2      | Found a white marble altar of Elyvilon.
   836 | D:2      | Found a radiant altar of Vehumet.
   842 | D:2      | Found a blossoming altar of Fedhas.
   954 | D:2      | Reached XP level 4. HP: 44/44 MP: 3/3
  1158 | D:3      | Reached skill level 5 in Unarmed Combat
  1388 | D:3      | Found a glowing golden altar of the Shining One.
  1933 | D:4      | Noticed Ijyb
  1943 | D:4      | Killed Ijyb
  2135 | D:4      | Noticed an ogre
  2145 | D:4      | Killed an ogre
  2145 | D:4      | Reached skill level 6 in Unarmed Combat
  2145 | D:4      | Reached XP level 5. HP: 31/50 MP: 4/4
  2190 | D:4      | Found a snail-covered altar of Cheibriados.
  2237 | D:4      | Reached XP level 6. HP: 46/59 MP: 5/5
  2257 | D:4      | Found Jupa's Antique Weapon Emporium.
  2619 | D:5      | Entered Level 5 of the Dungeon
  2639 | D:5      | Reached skill level 7 in Unarmed Combat
  2639 | D:5      | Reached XP level 7. HP: 47/67 MP: 6/6
  2851 | D:5      | Found a staircase to the Ecumenical Temple.
  2919 | Temple   | Entered the Ecumenical Temple
  3071 | Temple   | Became a worshipper of Ru the Awakened
  3088 | Temple   | Gained mutation: You are hated by all. [Ru sacrifice]
  3088 | Temple   | Reached * piety under Ru
  3163 | D:5      | Found a stormy altar of Qazlal.
  3391 | D:5      | Reached XP level 8. HP: 71/78 MP: 7/7
  3627 | D:6      | Reached skill level 8 in Unarmed Combat
  3765 | D:6      | Found Caavu's Antique Armour Emporium.
  3771 | D:6      | Bought a cloak for 130 gold pieces
  3794 | D:6      | Reached skill level 5 in Fighting
  3796 | D:6      | Reached skill level 5 in Dodging
  3839 | D:6      | Found a burning altar of Makhleb.
  3839 | D:6      | Noticed a cacodemon
  3929 | D:6      | Found a shimmering altar of Xom.
  4089 | D:7      | Reached XP level 9. HP: 86/88 MP: 8/8
  4121 | D:7      | Reached skill level 9 in Unarmed Combat
  4334 | D:7      | Gained mutation: You cannot study or cast Earth magic. [Ru
                  | sacrifice]
  4334 | D:7      | Gained mutation: You cannot study or cast Necromancy magic.
                  | [Ru sacrifice]
  4334 | D:7      | Gained mutation: You cannot study or cast Translocations
                  | magic. [Ru sacrifice]
  4334 | D:7      | Reached ** piety under Ru
  5047 | D:8      | Noticed Joseph
  5068 | D:8      | Killed Joseph
  5068 | D:8      | Reached skill level 10 in Unarmed Combat
  5068 | D:8      | Reached XP level 10. HP: 81/100 MP: 9/9
  5079 | D:8      | Noticed Grum
  5347 | D:8      | Found a hazy altar of Hepliaklqana.
  5462 | D:8      | Killed Grum
  6155 | D:9      | Gained mutation: You cannot be stealthy. [Ru sacrifice]
  6155 | D:9      | Reached *** piety under Ru
  6357 | D:9      | Reached skill level 11 in Unarmed Combat
  6551 | D:9      | Found a staircase to the Lair.
  6616 | D:9      | Reached XP level 11. HP: 106/111 MP: 10/10
  6690 | D:9      | Found a deep blue altar of Sif Muna.
  6855 | D:10     | Entered Level 10 of the Dungeon
  7447 | D:10     | Reached skill level 1 in Throwing
  7453 | D:10     | Reached skill level 1 in Maces & Flails
  7490 | D:10     | Found a roughly hewn altar of Beogh.
  7490 | D:10     | Noticed an ogre mage
  7496 | D:10     | Noticed a two-headed ogre
  7758 | D:10     | Found a transporter.
  7760 | D:10     | Found a transporter.
  7957 | D:11     | Gained mutation: You are somewhat inexperienced. (-2 XL)
                  | [Ru sacrifice]
  7957 | D:11     | Reached XP level 10. HP: 106/106 MP: 9/9
  7957 | D:11     | Reached XP level 9. HP: 97/97 MP: 8/8
  7957 | D:11     | Reached **** piety under Ru
  7957 | D:11     | Reached ***** piety under Ru
  8577 | D:11     | Found Vaux Yti's Armour Emporium.
  8640 | D:11     | Noticed a cyclops
  8643 | D:11     | Killed a cyclops
  8643 | D:11     | Reached XP level 10. HP: 106/106 MP: 9/9
  8941 | Lair:1   | Entered Level 1 of the Lair of Beasts
  8966 | Lair:1   | Noticed a spiny frog
  8976 | Lair:1   | Killed a spiny frog
  9098 | Lair:1   | Noticed a black mamba
  9108 | Lair:1   | Killed a black mamba
  9116 | Lair:1   | Noticed a spiny frog
  9125 | Lair:1   | Killed a spiny frog
  9135 | Lair:1   | Noticed a spiny frog
  9146 | Lair:1   | Killed a spiny frog
  9873 | Lair:2   | Gained mutation: You are frail. (-10% HP) [Ru sacrifice]
  9873 | Lair:2   | Reached ****** piety under Ru
  9931 | Lair:2   | Noticed a black mamba
  9940 | Lair:2   | Killed a black mamba
  9940 | Lair:2   | Reached XP level 11. HP: 79/101 MP: 10/10
 10413 | Lair:2   | Noticed an eight-headed hydra
 10420 | Lair:2   | Killed an eight-headed hydra
 10420 | Lair:2   | Reached skill level 5 in Throwing
 10686 | Lair:2   | Reached skill level 5 in Maces & Flails
 10693 | Lair:2   | Reached skill level 12 in Unarmed Combat
 10888 | Lair:3   | Noticed a catoblepas
 10923 | Lair:3   | Killed a catoblepas
 11298 | Lair:3   | Reached XP level 12. HP: 72/111 MP: 11/11
 11518 | Lair:3   | Noticed a five-headed hydra
 11527 | Lair:3   | Killed a five-headed hydra
 11861 | Lair:3   | Found a staircase to the Snake Pit.
 12085 | Lair:3   | Reached skill level 1 in Armour
 12095 | Lair:3   | Found the +0 Maxwell's etheric cage {RegenMP+ *Contam rElec
                  | MP+4}
 12437 | Lair:4   | Noticed Hiywul's ghost (journeyman MiHu)
 12449 | Lair:4   | Noticed an eight-headed hydra
 12454 | Lair:4   | Found a runed translucent door.
 12477 | Lair:4   | Killed Hiywul's ghost
 12564 | Lair:4   | Killed an eight-headed hydra
 12960 | Lair:4   | Found a staircase to the Swamp.
 12973 | Lair:4   | Reached skill level 5 in Armour
 13281 | Lair:5   | Found a staircase to the Slime Pits.
 13406 | Lair:5   | Reached XP level 13. HP: 105/119 MP: 12/12
 14044 | D:12     | Reached skill level 10 in Fighting
 14056 | D:12     | Reached skill level 10 in Dodging
 14112 | D:12     | Found a runed translucent gate.
 14113 | D:12     | Found a runed translucent gate.
 14114 | D:12     | Found a runed translucent gate.
 14115 | D:12     | Noticed Irenicus's ghost (journeyman DDMo)
 14117 | D:12     | Noticed a minotaur
 14133 | D:12     | Killed Irenicus's ghost
 14148 | D:12     | Killed a minotaur
 14477 | D:12     | Found Poineidahe's Jewellery Shoppe.
 14872 | D:12     | Found a staircase to the Orcish Mines.
 14883 | Orc:1    | Entered Level 1 of the Orcish Mines
 14908 | Orc:1    | Reached skill level 13 in Unarmed Combat
 14961 | Orc:1    | Noticed Maurice
 14965 | Orc:1    | Noticed Fannar
 15119 | Orc:1    | Killed Fannar
 15124 | Orc:1    | Killed Maurice
 15199 | Orc:1    | Found Puusk's General Store.
 15211 | Orc:1    | Noticed Erica
 15223 | Orc:1    | Killed Erica
 15286 | Orc:1    | Found a roughly hewn altar of Beogh.
 15299 | Orc:1    | Bought a potion of berserk rage for 80 gold pieces
 15299 | Orc:1    | Bought a scroll of identify for 32 gold pieces
 15299 | Orc:1    | Bought 2 potions of agility for 128 gold pieces
 15299 | Orc:1    | Bought an uncursed ring of see invisible for 240 gold
                  | pieces
 15455 | Orc:2    | Entered Level 2 of the Orcish Mines
 15553 | Orc:2    | Reached skill level 1 in Evocations
 15669 | Orc:2    | Found a roughly hewn altar of Beogh.
 15676 | Orc:2    | Reached XP level 14. HP: 101/129 MP: 14/14
 15676 | Orc:2    | Noticed an orc warlord
 15680 | Orc:2    | Found Beduiwu's Antique Armour Emporium.
 15927 | Orc:1    | HP: 5/193 [orc warrior/+0 short sword[an orc high priest]
                  | (7)]
 16237 | Orc:2    | Paralysed by an orc sorcerer for 4 turns
 16251 | Orc:2    | Found a staircase to the Elven Halls.
 16566 | Orc:2    | Slain by an orc warlord

Skill      XL: |  1  2  3  4  5  6  7  8  9 10 11 12 13 14 |
---------------+-------------------------------------------+-----
Unarmed Combat | 4 6 7 8 10 11 12 13 | 13.4
Fighting       | 3 4 5 6 8 9 10 | 10.6
Dodging        | 3 4 5 6 8 9 10 | 10.6
Stealth        | 0 |  0.0
Throwing       | 3 4 5 |  5.0
Maces & Flails | 3 4 6 7 |  7.0
Armour         | 5 8 |  8.2
Evocations     | 1 2 |  2.1

Action                   |  1- 3 |  4- 6 |  7- 9 | 10-12 | 13-15 || total
-------------------------+-------+-------+-------+-------+-------++-------
Melee: Unarmed           |   108 |   153 |   342 |   756 |   447 ||  1806
       Punch             |       |     4 |    17 |    48 |    29 ||    98
       Giant spiked club |       |       |       |     9 |     3 ||    12
Throw: Large rock        |       |       |     2 |    16 |     2 ||    20
Invok: Sacrifice Love    |       |       |     1 |       |       ||     1
       Power Leap        |       |       |     1 |     3 |     5 ||     9
       Sacrifice Arcana  |       |       |     1 |       |       ||     1
       Sacrifice Experie |       |       |     1 |       |       ||     1
       Sacrifice Health  |       |       |       |     1 |       ||     1
       Sacrifice Stealth |       |       |       |     1 |       ||     1
       Apocalypse        |       |       |       |     1 |     4 ||     5
Evoke: Wand              |       |       |       |     4 |     2 ||     6
  Use: Scroll            |       |       |     9 |    13 |     4 ||    26
       Potion            |       |       |     3 |     7 |     4 ||    14
 Stab: Distracted        |       |     1 |     1 |     6 |     3 ||    11
       Sleeping          |       |     1 |     3 |       |       ||     4
       Invisible         |       |       |       |     6 |     9 ||    15
       Petrified         |       |       |       |     2 |       ||     2
       Paralysed         |       |       |       |    10 |     3 ||    13
  Eat: Chunk             |    14 |     9 |    36 |    65 |    29 ||   153
Armor: Robe              |    53 |    45 |   101 |   163 |       ||   362
       Steam dragon scal |       |       |       |    33 |   137 ||   170
Dodge: Dodged            |    70 |    67 |   203 |   450 |   338 ||  1128
Block: Other             |       |       |       |       |    15 ||    15
